 Dungeon Crawl Stone Soup version 0.31-a0-662-g684573625c (webtiles) character file.

Game seed: 9594643231915889630

67 javelincjr the Conjurer (level 3, -3/24 HPs)
             Began as a Demonspawn Conjurer on Aug 31, 2023.
             Slain by a gnoll
             ... wielding a +0 club
              (6 damage)
             ... on level 2 of the Dungeon.
             The game lasted 00:06:17 (1942 turns).

javelincjr the Conjurer (Demonspawn Conjurer)       Turns: 1942, Time: 00:06:18

Health: -3/24      AC:  4    Str:  7    XL:     3   Next: 98%
Magic:  3/6        EV: 12    Int: 26    God:
Gold:   53         SH:  0    Dex: 11    Spells: 6/7 levels left

rFire   . . .        g - +0 short sword
rCold   . . .        (no shield)
rNeg    . . .        j - +1 robe of the World {Rampage rElec rPois Int+5}
rPois   +            (no helmet)
rElec   +            (no cloak)
rCorr   .            (no gloves)
SInv    +            i - +0 pair of boots
Will    .....        (no amulet)
Stlth   ++           f - ring of see invisible
HPRegen 0.24/turn    (no ring)
MPRegen 0.10/turn

%: rampage
@: no status effects
A: demonic magic 1
a: no special abilities


You were on level 2 of the Dungeon.
You visited 1 branch of the dungeon, and saw 2 of its levels.

You collected 53 gold pieces.

Inventory:

Hand Weapons
 g - a +0 short sword (weapon)
Armour
 a - a +0 robe
 i - a +0 pair of boots (worn)
 j - the +1 robe of the World (worn) {Rampage rElec rPois Int+5}
   (You found it on level 2 of the Dungeon)

   Int+5:     It affects your intelligence (+5).
   rElec:     It insulates you from electricity.
   rPois:     It protects you from poison Rampage: It bestows one free step when
   moving towards enemies.
Jewellery
 f - a ring of see invisible (left hand)
Scrolls
 c - a scroll of silence {unknown}
 e - a scroll of immolation {unknown}
 l - a scroll of noise {unknown}
Potions
 b - 2 potions of magic
 d - a potion of mutation {unknown}
 h - 3 potions of curing {unknown}
 k - a potion of haste {unknown}


   Skills:
 + Level 2.4 Dodging
 + Level 2.5 Stealth
 + Level 2.6 Spellcasting
 + Level 4.4 Conjurations


You had 6 spell levels left.
You knew the following spells:

 Your Spells              Type           Power      Damage    Failure   Level
a - Magic Dart            Conj           100%       1d8       1%          1

Your spell library contained the following spells:

 Spells                   Type           Power      Damage    Failure   Level
 Searing Ray              Conj           52%        2d6       2%          2
 Dazzling Flash           Conj/Hex       30%        N/A       12%         3
 Sublimation of Blood     Necr           3%         N/A       16%         2
 Wereblood                Tmut           3%         N/A       16%         2
 Fulminant Prism          Conj/Hex       7%         3d6       36%         4
 Iskenderun's Mystic Bla  Conj/Tloc      15%        2d5       36%         4
 Summon Hydra             Summ           1%         N/A       100%        7


Dungeon Overview and Level Annotations

Branches:
Dungeon (2/15)

Altars:


Innate Abilities, Weirdness & Mutations

Spells you cast may paralyse adjacent enemies.


Message History

The gnoll hits you with a +0 whip.
The magic dart hits the gnoll.
The gnoll is severely wounded.
Malevolent energies surge around you.
The gnoll suddenly stops moving!
The helpless gnoll fails to defend itself.
You hit the gnoll.
The gnoll is almost dead.
A ball python comes into view.
The helpless gnoll fails to defend itself.
You puncture the gnoll!
You kill the gnoll!
The magic dart hits the gnoll.
The gnoll is moderately wounded.
Malevolent energies surge around you.
The ball python hisses angrily.
The gnoll completely misses you. The gnoll closely misses you.
You hit the gnoll.
The gnoll is heavily wounded.
The gnoll closely misses you. The gnoll hits you with a +0 club.
You are too injured to fight recklessly!
You are too injured to fight recklessly!
You are too injured to fight recklessly!
You hit the gnoll.
The gnoll is heavily wounded.
The gnoll misses you. The gnoll hits you with a +0 club.
You hit the gnoll.
The gnoll is almost dead.
The gnoll closely misses you. The gnoll barely misses you.
Casting: Magic Dart (safe; 1% risk of failure)
Confirm with . or Enter, or press ? or * to list all spells.
Aiming: Magic Dart (safe; 1% risk of failure)
Press: ? - help, Shift-Dir - straight line, f/p - gnoll
Aim: a gnoll, wielding a +0 club (almost dead, 100% to hit)
The magic dart hits the gnoll but does no damage.
The gnoll is almost dead.
Malevolent energies surge around you.
The gnoll hits you from afar with a +0 spear.
* * * LOW HITPOINT WARNING * * *
The gnoll hits you with a +0 club.
You die...

......... #.# #.# #.######.
#.# #.# #........ #.# #.#
#.####### #.# #.# ..# #.#
### #.# # #.# # ########.#
#.# # #..@ggS..# #.# #
#.######## #.#### # #[#
#....# # #.# ####.# #.# #.#
#.# #.# #.# #.#
##########.######### #.#
#........#.........######.#


You could see 2 gnolls and a ball python.

Vanquished Creatures
  An adder (D:2)
  A gnoll (D:2)
  A worm (D:2)
  7 bats
  An endoplasm (D:1)
  4 giant cockroaches
  7 goblins
  3 hobgoblins
  3 jackals (D:2)
  5 kobolds
  A quokka (D:1)
  3 ball pythons
  4 frilled lizards
  2 rats
43 creatures vanquished.

Notes
Turn   | Place    | Note
-------+----------+-------------------------------------------
     0 | D:1      | javelincjr the Demonspawn Conjurer began the quest for the
                  | Orb.
     0 | D:1      | Reached XP level 1. HP: 13/13 MP: 3/3
   249 | D:1      | Gained mutation: Spells you cast may paralyse adjacent
                  | enemies. [demonic ancestry]
   249 | D:1      | Reached XP level 2. HP: 19/19 MP: 3/5
  1198 | D:2      | Reached XP level 3. HP: 19/24 MP: 0/6
  1316 | D:2      | Identified the +1 robe of the World {Rampage rElec rPois
                  | Int+5}
  1942 | D:2      | Slain by a gnoll

Illustrated notes

Levels and vault maps discovered:
D:1:      minmay_arrival_widening_spiral_wide, layout_loops_cross,
          minmay_misc_feat_nine_boxes
D:2:      layout_loops_ring

Skill      XL: |  1 |
---------------+----+-----
Stealth        | 2 |  2.5
Dodging        | 2 |  2.4
Spellcasting   | |  2.6
Conjurations   | |  4.4

Action                     || total
---------------------------++-------
  Melee: Unarmed           ||     4
         Short sword       ||    44
   Cast: Magic Dart        ||    70
   Stab: Paralysed         ||     9
         Sleeping          ||     1
 Armour: Robe              ||    34
  Dodge: Dodged            ||    26

Table legend: (Time is in decaauts)
 A = Elapsed time spent in this place.
 B = Non-inter-level travel time spent in this place.
 C = Inter-level travel time spent in this place.
 D = Time resting spent in this place.
 E = Time spent auto-exploring this place.
 F = Levels seen in this place.
 G = Mean time per level.
                   A        B        C        D        E       F      G
               +--------+--------+--------+--------+--------+-----+--------+
         Total |   1940 |   1879 |     61 |     19 |   1583 |   2 |  970.0 |
       Dungeon |   1940 |   1879 |     61 |     19 |   1583 |   2 |  970.0 |
               +--------+--------+--------+--------+--------+-----+--------+

Top non-repeatable levels by time:
     D:1: 1071 daAuts
     D:2: 869 daAuts
